 Dungeon Crawl Stone Soup version 0.21.1-1-g345015f (webtiles) character file.

203 diana the Insei (level 5, -6/35 HPs)
             Began as an Octopode Transmuter on July 4, 2018.
             Killed from afar by an orc wizard (7 damage)
             ... with a magic dart
             ... on level 4 of the Dungeon.
             The game lasted 00:05:59 (3838 turns).

diana the Insei (Octopode Transmuter)               Turns: 3838, Time: 00:05:59

Health: -6/35      AC:  1    Str:  9    XL:     5   Next: 81%
Magic:  9/9        EV: 13    Int: 17    God:
Gold:   147        SH:  0    Dex: 12    Spells: 5/9 levels left

rFire    . . .     SeeInvis .     - Unarmed
rCold    . . .     Gourm    .   (no shield)
rNeg     . . .     Faith    .   (helmet restricted)
rPois    .         Spirit   .   (no amulet)
rElec    .         Reflect  .   (no ring)
rCorr    .         Harm     .   (no ring)
MR       .....                  (no ring)
Stlth    ++........             (no ring)
HPRegen  0.11/turn              (no ring)
MPRegen  0.11/turn              (no ring)
                                (no ring)
                                (no ring)

@: appendage
A: almost no armour, stealthy swim, amphibious, 8 rings, constrict 8, tentacle
spike 3, camouflage 1, gelatinous body 1
a: End Transformation


You were on level 4 of the Dungeon.
You were not hungry.
One of your tentacles had a temporary spike.
You visited 1 branch of the dungeon, and saw 4 of its levels.

You collected 147 gold pieces.

Inventory:

Missiles
 a - 42 arrows
Armour
 h - a +0 buckler
Scrolls
 d - 2 scrolls of identify {unknown}
 e - a scroll of fog {unknown}
 g - 5 scrolls of remove curse {unknown}
 j - a scroll of enchant weapon {unknown}
 k - a scroll of immolation {unknown}
 l - 2 scrolls of teleportation {unknown}
Potions
 i - a potion of curing
Books
 b - a book of Changes

   Spells                             Type                      Level
   a - Beastly Appendage              Transmutation                1
   b - Sticks to Snakes               Transmutation                2
   c - Spider Form                    Transmutation/Poison         3
   d - Ice Form                       Ice/Transmutation            4
   e - Blade Hands                    Transmutation                5
Comestibles
 c - 6 rations


   Skills:
 + Level 2.5 Fighting
 - Level 2.0 Dodging
 * Level 4.5 Unarmed Combat
 + Level 2.9 Spellcasting
 + Level 3.1 Transmutations


You had 5 spell levels left.
You knew the following spells:

 Your Spells              Type           Power        Failure   Level  Hunger
a - Beastly Appendage     Tmut           ##....       4%          1    None
b - Spider Form           Tmut/Pois      #.........   28%         3    ###....


Dungeon Overview and Level Annotations

Branches:
Dungeon (4/15)
 Temple: D:4-7

Altars:
Dithmenos
Elyvilon
Sif Muna
Zin
The Shining One

Annotations:
D:3 dscm's ghost, weakling FoFi


Innate Abilities, Weirdness & Mutations

You cannot wear most types of armour.
You are very stealthy in the water. (Stealth+)
You are amphibious.
You can wear up to eight rings at the same time.
You can use your tentacles to constrict eight enemies at once.
Your skin changes colour to match your surroundings (Stealth+).
Your rubbery body absorbs attacks. (AC +1, EV +1)
One of your tentacles bears a large vicious spike.


Message History

You closely miss something.
Your tentacle spike misses something.
Your squeeze misses something.
You constrict the orc priest, but do no damage.
Something hits you but does no damage. The orc priest hits you with a whip!
Something hits you.
* * * LOW HITPOINT WARNING * * *
Unknown command.
You miss something.
You pierce something.
You squeeze something!
You constrict the orc priest, but do no damage.
Something hits you but does no damage. The orc priest hits you with a whip.
* * * LOW HITPOINT WARNING * * *
Something hits you.
* * * LOW HITPOINT WARNING * * *
Something hits you.
* * * LOW HITPOINT WARNING * * *
You release your grip on the orc priest.
You hear some strange, mumbled words. x2
A magic dart appears from out of thin air!
The magic dart hits you!
You die...

.# #.# .##.# .# #.# #.##.#
.# #.# ##.##.# #+## .##
#.###..##.# #(..## >.#
#.........##...(.# .##
#..#..##..#.......
#########.....##..........
..................oZ......
##########....##@#........
# #.#..##.##.......
#.##.##.# #.....#
#.......# #...## ####.####
#+## #.# #.# #.# #.#


You could see an orc priest and an adder skeleton.

Vanquished Creatures
  A centaur skeleton (D:4)
  Jessica (D:3)
  An iguana (D:4)
  A worker ant (D:4)
  2 adders
  An ooze (D:1)
  2 worms
  2 dart slugs (D:1)
  7 giant cockroaches
  5 goblins
  8 hobgoblins
  2 jackals (D:4)
  4 quokkas
  A ball python (D:1)
  5 bats
  8 frilled lizards
  8 kobolds
  2 quokka skeletons
  10 rats
71 creatures vanquished.

Notes
Turn   | Place    | Note
-------+----------+-------------------------------------------
     0 | D:1      | diana the Octopode Transmuter began the quest for the Orb.
     0 | D:1      | Reached XP level 1. HP: 13/13 MP: 3/3
   186 | D:1      | Reached XP level 2. HP: 3/18 MP: 5/5
   828 | D:1      | Reached XP level 3. HP: 18/23 MP: 6/6
   988 | D:2      | Found a glowing silver altar of Zin.
  1076 | D:2      | Found a shadowy altar of Dithmenos.
  1570 | D:2      | Reached XP level 4. HP: 13/29 MP: 7/7
  1848 | D:2      | Found a glowing golden altar of the Shining One.
  1953 | D:2      | Found a white marble altar of Elyvilon.
  2112 | D:2      | Found a deep blue altar of Sif Muna.
  2422 | D:2      | You fall through a shaft for 2 floors!
  2512 | D:4      | Reached skill level 4 in Unarmed Combat
  2727 | D:3      | Reached XP level 5. HP: 34/34 MP: 9/9
  2870 | D:3      | Noticed dscm's ghost (weakling FoFi)
  2910 | D:2      | Learned a level 3 spell: Spider Form
  3465 | D:3      | Noticed Jessica
  3470 | D:3      | Killed Jessica
  3836 | D:4      | HP: 1/35 [something (2)]
  3838 | D:4      | Killed from afar by an orc wizard

Skill      XL: |  1  2  3  4  5 |
---------------+----------------+-----
Fighting       | 2 |  2.5
Unarmed Combat | 4 |  4.5
Transmutations | 3 |  3.1
Dodging        | |  2.0
Spellcasting   | |  2.9

Action                   |  1- 3 |  4- 6 || total
-------------------------+-------+-------++-------
Melee: Unarmed           |    95 |    90 ||   185
       Constrict         |    22 |    20 ||    42
       Tentacles         |    10 |    22 ||    32
       Punch             |     1 |     2 ||     3
       Kick              |     6 |     6 ||    12
 Cast: Beastly Appendage |     3 |     6 ||     9
       Spider Form       |       |     1 ||     1
  Use: Potion            |     2 |     3 ||     5
 Stab: Sleeping          |     8 |     3 ||    11
  Eat: Chunk             |       |     9 ||     9
Armor: Skin              |    19 |     8 ||    27
Dodge: Dodged            |    53 |    47 ||   100
